TOP OF THE 1ST |
Rochester Red Wings batting - Pitching for Richmond Braves : RHP Ken Dixon
|
Pitching: RHP Ken Dixon
|
|
Batting: RHB Johnnie LeMaster
|
0-0: Bunted foul 0-1: Ball 1-1: Swinging Strike 1-2: Foul Ball, location: 2F 1-2: Ground out 6-3 (Groundball, 6MS, EV 81.3 MPH)
|
Batting: LHB Ed Amelung
|
0-0: Ground out 4-3 (Groundball, 4, EV 80.0 MPH)
|
Batting: SHB Jordan Ayala
|
0-0: Called Strike 0-1: Ball 1-1: Ball 2-1: Foul Ball, location: 2F 2-2: Strikes out looking
|
Top of the 1st over - 0 runs, 0 hits, 0 errors, 0 left on base; Rochester 0 - Richmond 0 |
BOTTOM OF THE 1ST |
Richmond Braves batting - Pitching for Rochester Red Wings : LHP Alex Gonzales
|
Pitching: LHP Alex Gonzales
|
|
Batting: RHB Dave Stegman
|
0-0: Ball 1-0: Foul Ball, location: 2F 1-1: Foul Ball, location: 2F 1-2: Strikes out swinging, 2-3 out at first.
|
Batting: LHB Dan Rohn
|
0-0: Ball 1-0: Ball 2-0: Foul Ball, location: 2F 2-1: Foul Ball, location: 2F 2-2: Ball 3-2: Ground out 4-3 (Groundball, 34, EV 84.4 MPH)
|
Batting: SHB Howard Johnson
|
0-0: Ball 1-0: Foul Ball, location: 2F 1-1: Swinging Strike 1-2: Ball 2-2: Ground out 6-3 (Groundball, 6, EV 81.3 MPH)
|
Bottom of the 1st over - 0 runs, 0 hits, 0 errors, 0 left on base; Rochester 0 - Richmond 0 |
TOP OF THE 2ND |
Rochester Red Wings batting - Pitching for Richmond Braves : RHP Ken Dixon
|
Batting: RHB Gerry Davis
|
0-0: Ball 1-0: Ball 2-0: Called Strike 2-1: Foul Ball, location: 2F 2-2: Ball 3-2: Base on Balls
|
Batting: LHB Sid Bream
|
0-0: Called Strike 0-1: Called Strike 0-2: Ball Gerry Davis is caught stealing 2nd base 2-6 1-2: Ball 2-2: DOUBLE (Line Drive, 8LXD, EV 98.1 MPH)
|
Batting: RHB Joe Carter
|
0-0: Called Strike 0-1: Bunt missed! 0-2: Ground out 6-3 (Groundball, 6, EV 83.8 MPH)
|
Batting: LHB Dave Falcone
|
0-0: Foul Ball, location: 2F 0-1: Foul Ball, location: 2F 0-2: Foul Ball, location: 2F 0-2: Ball 1-2: Ball 2-2: Strikes out swinging
|
Top of the 2nd over - 0 runs, 1 hit, 0 errors, 1 left on base; Rochester 0 - Richmond 0 |
BOTTOM OF THE 2ND |
Richmond Braves batting - Pitching for Rochester Red Wings : LHP Alex Gonzales
|
Batting: LHB Chris Evans
|
0-0: Ball 1-0: Ball 2-0: Called Strike 2-1: Fly out, F8 (Line Drive, 8LM, EV 93.1 MPH)
|
Batting: LHB Brent Hillenga
|
0-0: Ball 1-0: Foul Ball, location: 2F 1-1: Foul Ball, location: 2F 1-2: Ball 2-2: Ground out 4-3 (Groundball, 4, EV 107.5 MPH)
|
Batting: RHB Mark Naehring
|
0-0: Called Strike 0-1: Called Strike 0-2: Ball 1-2: Ball 2-2: TRIPLE (Flyball, 78XD, EV 93.8 MPH)
|
Batting: LHB Matt Winters
|
0-0: Called Strike 0-1: Ball 1-1: Ball 2-1: Swinging Strike 2-2: Ball 3-2: Strikes out swinging
|
Bottom of the 2nd over - 0 runs, 1 hit, 0 errors, 1 left on base; Rochester 0 - Richmond 0 |
TOP OF THE 3RD |
Rochester Red Wings batting - Pitching for Richmond Braves : RHP Ken Dixon
|
Batting: RHB Tom Brookens
|
0-0: Ball 1-0: Ball 2-0: Ball 3-0: Called Strike 3-1: Base on Balls
|
Batting: RHB Jerry Dybzinski
|
0-0: Ball 1-0: SINGLE (Flyball, 5D, EV 87.5 MPH) Tom Brookens to second Runner from 2nd tries for 3rd, SAFE, no throw by LF
|
Batting: RHB Johnnie LeMaster
|
0-0: Ball 1-0: Called Strike 1-1: Called Strike 1-2: Ball 2-2: Ball 3-2: Foul Ball, location: 2F 3-2: TRIPLE (Line Drive, 8LD, EV 86.9 MPH) Tom Brookens scores Jerry Dybzinski scores
|
Batting: LHB Ed Amelung
|
0-0: Ball 1-0: Fly out, F7 (Flyball, 78D, EV 93.8 MPH) Runner from 3rd tags up, SCORES, throw by LF
|
Batting: SHB Jordan Ayala
|
0-0: Called Strike 0-1: Ball 1-1: Ground out 6-3 (Groundball, 6M, EV 92.5 MPH)
|
Batting: RHB Gerry Davis
|
0-0: Called Strike 0-1: Ball 1-1: Ball 2-1: Ball 3-1: Called Strike 3-2: Ground out 6-3 (Groundball, 6M, EV 84.4 MPH)
|
Top of the 3rd over - 3 runs, 2 hits, 0 errors, 0 left on base; Rochester 3 - Richmond 0 |
BOTTOM OF THE 3RD |
Richmond Braves batting - Pitching for Rochester Red Wings : LHP Alex Gonzales
|
Pitching: LHP Mac Scarce
|
|
Batting: SHB Julio Cruz
|
0-0: Called Strike 0-1: Ball 1-1: Foul Ball, location: 2F 1-2: Ball 2-2: Foul Ball, location: 2F 2-2: Ball 3-2: Foul Ball, location: 2F 3-2: Base on Balls
|
Batting: RHB Marc Sullivan
|
0-0: Called Strike 0-1: Ball 1-1: Ball 2-1: Swinging Strike 2-2: Foul Ball, location: 2F 2-2: Strikes out looking
|
Batting: RHB Dave Stegman
|
0-0: Ball 1-0: Fielders Choice at 2nd, 5-4 (Groundball, 56, EV 100.0 MPH)
|
Batting: LHB Dan Rohn
|
0-0: Ball 1-0: Foul Ball, location: 2F 1-1: Foul Ball, location: 2F 1-2: Strikes out swinging
|
Bottom of the 3rd over - 0 runs, 0 hits, 0 errors, 1 left on base; Rochester 3 - Richmond 0 |
TOP OF THE 4TH |
Rochester Red Wings batting - Pitching for Richmond Braves : RHP Ken Dixon
|
Batting: LHB Sid Bream
|
0-0: Called Strike 0-1: Ball 1-1: Ground out U3 (Groundball, 3L, EV 82.5 MPH)
|
Batting: RHB Joe Carter
|
0-0: Called Strike 0-1: Ball 1-1: Ball 2-1: Swinging Strike 2-2: Foul Ball, location: 2F 2-2: Foul Ball, location: 2F 2-2: Strikes out swinging
|
Batting: LHB Dave Falcone
|
0-0: Foul Ball, location: 2F 0-1: Swinging Strike 0-2: Strikes out looking
|
Top of the 4th over - 0 runs, 0 hits, 0 errors, 0 left on base; Rochester 3 - Richmond 0 |
BOTTOM OF THE 4TH |
Richmond Braves batting - Pitching for Rochester Red Wings : LHP Mac Scarce
|
Batting: SHB Howard Johnson
|
0-0: Ball 1-0: Fly out, F9 (Line Drive, 9, EV 95.0 MPH)
|
Batting: LHB Chris Evans
|
0-0: Called Strike 0-1: SINGLE (Groundball, 56D, EV 94.4 MPH)
|
Batting: LHB Brent Hillenga
|
0-0: Ball 1-0: Called Strike 1-1: Called Strike 1-2: Strikes out swinging
|
Batting: RHB Mark Naehring
|
0-0: Ball 1-0: Ball 2-0: Called Strike 2-1: Ground out 4-3 (Groundball, 34, EV 105.6 MPH)
|
Bottom of the 4th over - 0 runs, 1 hit, 0 errors, 1 left on base; Rochester 3 - Richmond 0 |
TOP OF THE 5TH |
Rochester Red Wings batting - Pitching for Richmond Braves : RHP Ken Dixon
|
Batting: RHB Tom Brookens
|
0-0: Ball 1-0: Foul Ball, location: 2F 1-1: SINGLE (Line Drive, 6M, EV 103.1 MPH)
|
Batting: RHB Jerry Dybzinski
|
0-0: Bunted foul 0-1: Bunt missed! 0-2: Ball 1-2: Ball 2-2: Ball 3-2: Strikes out swinging Tom Brookens is caught stealing 2nd base 2-4 Batter strikes out.
|
Batting: RHB Johnnie LeMaster
|
0-0: Called Strike 0-1: Ground out 3-1 (Groundball, 34, EV 87.5 MPH)
|
Top of the 5th over - 0 runs, 1 hit, 0 errors, 0 left on base; Rochester 3 - Richmond 0 |
BOTTOM OF THE 5TH |
Richmond Braves batting - Pitching for Rochester Red Wings : LHP Mac Scarce
|
Batting: LHB Matt Winters
|
0-0: Foul Ball, location: 2F 0-1: Ball 1-1: Ball 2-1: Foul Ball, location: 2F 2-2: Ground out 6-3 (Groundball, 6, EV 79.4 MPH)
|
Pitching: RHP Willie Mueller
|
|
Batting: SHB Julio Cruz
|
0-0: Ground out 4-3 (Groundball, 4MD, EV 96.9 MPH)
|
Batting: RHB Marc Sullivan
|
0-0: Ball 1-0: Foul Ball, location: 2F 1-1: Fly out, F4 (Flyball, 34D, EV 79.4 MPH)
|
Bottom of the 5th over - 0 runs, 0 hits, 0 errors, 0 left on base; Rochester 3 - Richmond 0 |
TOP OF THE 6TH |
Rochester Red Wings batting - Pitching for Richmond Braves : RHP Ken Dixon
|
Batting: LHB Ed Amelung
|
0-0: Ball 1-0: TRIPLE (Flyball, 78XD, EV 108.1 MPH)
|
Batting: SHB Jordan Ayala
|
0-0: Intentional Walk
|
Batting: RHB Gerry Davis
|
0-0: Foul Ball, location: 2F 0-1: Ball 1-1: Fly out, F9 (Flyball, 9D, EV 102.5 MPH) Runner from 3rd tags up, SCORES, no throw by RF
|
Batting: LHB Sid Bream
|
0-0: Ball 1-0: Fielders Choice at 2nd, 4-6 (Groundball, 4, EV 105.0 MPH)
|
Batting: RHB Joe Carter
|
0-0: Called Strike 0-1: Foul Ball, location: 2F 0-2: Foul Ball, location: 2F 0-2: Fly out, F5 (Line Drive, 6, EV 70.0 MPH)
|
Top of the 6th over - 1 run, 1 hit, 0 errors, 1 left on base; Rochester 4 - Richmond 0 |
BOTTOM OF THE 6TH |
Richmond Braves batting - Pitching for Rochester Red Wings : RHP Willie Mueller
|
Batting: RHB Dave Stegman
|
0-0: Fly out, F9 (Flyball, 9LS, EV 89.4 MPH)
|
Batting: LHB Dan Rohn
|
0-0: SINGLE (Flyball, 89S, EV 85.6 MPH)
|
Batting: SHB Howard Johnson
|
0-0: SINGLE (Line Drive, 4M, EV 106.9 MPH) Dan Rohn to second
|
Batting: LHB Chris Evans
|
0-0: Fly out, F9 (Flyball, 9, EV 87.5 MPH) Runner from 2nd tags up, SAFE at 3rd with throw by RF
|
Batting: LHB Brent Hillenga
|
0-0: Swinging Strike 0-1: Ball 1-1: Swinging Strike 1-2: Ball 2-2: Ball 3-2: Base on Balls Howard Johnson to second
|
Batting: RHB Mark Naehring
|
0-0: Ball 1-0: Ball 2-0: Foul Ball, location: 2F 2-1: SINGLE (Groundball, 4D, EV 101.3 MPH) Dan Rohn scores Howard Johnson to third Brent Hillenga to second Runner from 3rd tries for Home, SAFE, throw by CF to home
|
Batting: LHB Matt Winters
|
0-0: Called Strike 0-1: Ball 1-1: Ball 2-1: Called Strike 2-2: Reached on error, E5 (Groundball, 56, EV 101.9 MPH) Brent Hillenga to third Mark Naehring to second
|
Batting: SHB Julio Cruz
|
0-0: Swinging Strike 0-1: Ball 1-1: Ball 2-1: Ball 3-1: Base on Balls Brent Hillenga scores Mark Naehring to third Matt Winters to second
|
Batting: RHB Marc Sullivan
|
0-0: Called Strike 0-1: Ball 1-1: Foul Ball, location: 2F 1-2: Strikes out swinging
|
Bottom of the 6th over - 3 runs, 3 hits, 1 error, 3 left on base; Rochester 4 - Richmond 3 |
TOP OF THE 7TH |
Rochester Red Wings batting - Pitching for Richmond Braves : RHP Ken Dixon
|
Batting: LHB Dave Falcone
|
0-0: Called Strike 0-1: Swinging Strike 0-2: Ball 1-2: Ball 2-2: Ball 3-2: Ground out 4-3 (Groundball, 4, EV 105.0 MPH)
|
Batting: RHB Tom Brookens
|
0-0: Foul Ball, location: 2F 0-1: Foul Ball, location: 2F 0-2: Ball 1-2: Ball 2-2: Ball 3-2: Base on Balls
|
Batting: RHB Jerry Dybzinski
|
0-0: Foul Ball, location: 2F 0-1: Ball 1-1: Foul Ball, location: 2F 1-2: Strikes out swinging
|
Batting: RHB Johnnie LeMaster
|
0-0: SINGLE (Groundball, 34, EV 82.5 MPH) (infield hit) Tom Brookens to second
|
Batting: LHB Ed Amelung
|
0-0: Ball 1-0: Ball 2-0: Foul Ball, location: 2F 2-1: Called Strike 2-2: Foul Ball, location: 2F 2-2: Ground out 4-3 (Groundball, 4, EV 101.3 MPH)
|
Top of the 7th over - 0 runs, 1 hit, 0 errors, 2 left on base; Rochester 4 - Richmond 3 |
BOTTOM OF THE 7TH |
Richmond Braves batting - Pitching for Rochester Red Wings : RHP Willie Mueller
|
Batting: RHB Dave Stegman
|
0-0: Called Strike 0-1: Swinging Strike 0-2: Ball 1-2: Ground out 6-3 (Groundball, 6D, EV 101.3 MPH)
|
Pitching: RHP Duane Theiss
|
|
Batting: LHB Dan Rohn
|
0-0: Ground out 2-3 (Groundball, 15S, EV 62.5 MPH)
|
Batting: SHB Howard Johnson
|
0-0: Ball 1-0: Ball 2-0: Ball 3-0: Called Strike 3-1: Swinging Strike 3-2: Ground out 5-3 (Groundball, 25, EV 94.4 MPH)
|
Bottom of the 7th over - 0 runs, 0 hits, 0 errors, 0 left on base; Rochester 4 - Richmond 3 |
TOP OF THE 8TH |
Rochester Red Wings batting - Pitching for Richmond Braves : RHP Ken Dixon
|
Batting: SHB Jordan Ayala
|
0-0: Swinging Strike 0-1: Ball 1-1: Foul Ball, location: 2F 1-2: Foul Ball, location: 2F 1-2: Fly out, F8 (Flyball, 8LD, EV 86.9 MPH)
|
Batting: RHB Gerry Davis
|
0-0: Called Strike 0-1: Fly out, F8 (Flyball, 8RXD, EV 96.3 MPH)
|
Batting: LHB Sid Bream
|
0-0: Foul Ball, location: 2F 0-1: Reached on error, E6 (Groundball, 6D, EV 104.4 MPH)
|
Batting: RHB Joe Carter
|
0-0: Called Strike 0-1: SINGLE (Line Drive, 3D, EV 95.6 MPH) Sid Bream to second Runner from 2nd tries for 3rd, SAFE, no throw by RF
|
Batting: LHB Dave Falcone
|
0-0: Ball 1-0: Fly out, F9 (Flyball, 89S, EV 80.6 MPH)
|
Top of the 8th over - 0 runs, 1 hit, 1 error, 2 left on base; Rochester 4 - Richmond 3 |
BOTTOM OF THE 8TH |
Richmond Braves batting - Pitching for Rochester Red Wings : RHP Duane Theiss
|
Batting: LHB Chris Evans
|
0-0: Fly out, F5 (Popup, 25F, EV 74.4 MPH)
|
Batting: LHB Brent Hillenga
|
0-0: Ball 1-0: Ball 2-0: Called Strike 2-1: Ground out 6-3 (Groundball, 6, EV 105.0 MPH)
|
Batting: RHB Mark Naehring
|
0-0: Fly out, F7 (Flyball, 7LD, EV 96.9 MPH)
|
Bottom of the 8th over - 0 runs, 0 hits, 0 errors, 0 left on base; Rochester 4 - Richmond 3 |
TOP OF THE 9TH |
Rochester Red Wings batting - Pitching for Richmond Braves : RHP Ken Dixon
|
Pitching: RHP Mike Allen
|
|
Batting: RHB Tom Brookens
|
0-0: Fly out, F9 (Flyball, 9D, EV 106.3 MPH)
|
Batting: RHB Jerry Dybzinski
|
0-0: Ball 1-0: Called Strike 1-1: Ball 2-1: Foul Ball, location: 2F 2-2: Ball 3-2: Ground out 1-3 (Groundball, 34S, EV 73.1 MPH)
|
Batting: RHB Johnnie LeMaster
|
0-0: Foul Ball, location: 2F 0-1: Ball 1-1: Ball 2-1: Foul Ball, location: 2F 2-2: Ball 3-2: Ground out 6-3 (Groundball, 6, EV 86.3 MPH)
|
Top of the 9th over - 0 runs, 0 hits, 0 errors, 0 left on base; Rochester 4 - Richmond 3 |
BOTTOM OF THE 9TH |
Richmond Braves batting - Pitching for Rochester Red Wings : RHP Duane Theiss
|
Pitching: LHP Ray Searage
|
|
Now in CF: Mario Delgado
|
|
Batting: LHB Matt Winters
|
0-0: Swinging Strike 0-1: Ball 1-1: Ball 2-1: Called Strike 2-2: Ball 3-2: DOUBLE (Flyball, 78XD, EV 110.6 MPH)
|
Batting: SHB Julio Cruz
|
0-0: Sac Bunt to 15 - play at first, batter OUT! 1-3 Matt Winters to third
|
Pinch Hitting: RHB Mike Fuentes
|
0-0: Ball 1-0: Swinging Strike 1-1: Ball 2-1: Ball 3-1: Ground out 4-3 (Groundball, 34, EV 80.6 MPH)
|
Batting: RHB Dave Stegman
|
0-0: Ball 1-0: Foul Ball, location: 2F 1-1: Ball 2-1: Ball 3-1: Base on Balls
|
Batting: LHB Dan Rohn
|
0-0: Foul Ball, location: 2F 0-1: Called Strike 0-2: Foul Ball, location: 2F 0-2: Ball 1-2: Strikes out swinging
|
Bottom of the 9th over - 0 runs, 1 hit, 0 errors, 2 left on base; Rochester 4 - Richmond 3 |
|